 Dungeon Crawl Stone Soup version 0.23.0-3-gf3c87f2 (webtiles) character file.

Game seed: 11955710516716064222

729 Kairos the Chopper (level 7, -1/37 HPs)
             Began as a Vine Stalker Fighter on Feb 22, 2019.
             Was an Initiate of Okawaru.
             Slain by a water moccasin (2 damage)
             ... on level 5 of the Dungeon.
             The game lasted 00:05:26 (3585 turns).

Kairos the Chopper (Vine Stalker Fighter)           Turns: 3585, Time: 00:05:27

Health: -1/37      AC:  9    Str: 21    XL:     7   Next: 73%
Magic:  0/8        EV:  8    Int: 13    God:    Okawaru [......]
Gold:   276        SH: 10    Dex: 13    Spells: 6/6 levels left

rFire    . . .     SeeInvis .   a - +0 war axe
rCold    + + .     Gourm    .   c - +0 shield
rNeg     . . .     Faith    .   b - +1 scale mail
rPois    +         Spirit   +   (no helmet)
rElec    +         Reflect  .   (no cloak)
rCorr    +         Harm     .   (no gloves)
MR       .....                  (no boots)
Stlth    ..........             (no amulet)
HPRegen  0.52/turn              g - ring of ice
MPRegen  0.11/turn              (no ring)

@: brilliant, lethally poisoned (-1 -> -2), resistant
A: fangs 2, slimy green scales 1, blurry vision 1, deterioration 1, regeneration
1, magic shield, antimagic bite, no potion heal 3, rot immunity
a: Renounce Religion


You were on level 5 of the Dungeon.
You worshipped Okawaru.
Okawaru was noncommittal.
You were not hungry.

You visited 2 branches of the dungeon, and saw 6 of its levels.

You collected 276 gold pieces.

Inventory:

Hand Weapons
 a - a +0 war axe (weapon)
 l - a +4 whip
Missiles
 o - 4 steel tomahawks (quivered)
Armour
 b - a +1 scale mail (worn)
 c - a +0 shield (worn)
 n - a +0 chain mail
Jewellery
 g - a ring of ice (left hand)
Wands
 j - a wand of enslavement (7)
Scrolls
 e - a scroll of amnesia {unknown}
 k - a scroll of enchant weapon {unknown}
 p - a scroll of fear {unknown}
 q - a scroll of enchant armour
 s - 2 scrolls of remove curse {unknown}
 v - 2 scrolls of identify
 w - a scroll of teleportation {unknown}
 x - a scroll of random uselessness {unknown}
Potions
 d - a potion of might
 r - a potion of curing {unknown}
 t - a potion of heal wounds {unknown}
 u - a potion of invisibility {unknown}
Comestibles
 f - 2 rations


   Skills:
 + Level 3.7 Fighting
 + Level 5.3 Axes
 + Level 3.5 Armour
 + Level 1.0 Dodging
 + Level 0.7 Stealth
 + Level 4.3 Shields


You had 6 spell levels left.
You didn't know any spells.
Your spell library was empty.

Dungeon Overview and Level Annotations

Branches:
Dungeon (5/15)             Temple (1/1) D:4

Altars:
Cheibriados
Dithmenos
Elyvilon
Fedhas
Gozag
Hepliaklqana
Makhleb
Okawaru
Qazlal
Ru
Sif Muna
Trog
Xom
Yredelemnul
Zin
The Shining One


Innate Abilities, Weirdness & Mutations

You have extremely sharp teeth.
Your natural rate of healing is unusually fast.
When hurt, damage is shared between your health and your magic reserves.
Your bite disrupts and absorbs the magic of your enemies.
Potions cannot restore your health.
You are immune to rotting.
You are partially covered in slimy green scales. (AC +2)
Scrolls take you a little longer to read.
Your body sometimes deteriorates upon taking damage.


Message History

You feel protected.
You feel sick. The water moccasin bites you.
* * * LOW HITPOINT WARNING * * *
The water moccasin barely misses you.
You feel sick.
You hit the water moccasin. You bite the water moccasin. You drain its power.
You feel invigorated.
The water moccasin is lightly wounded.
You feel sick. The water moccasin bites you!
* * * LOW HITPOINT WARNING * * *
The water moccasin bites you but does no damage.
You slash the water moccasin! Your bite misses the water moccasin.
The water moccasin is heavily wounded.
* * * LOW HITPOINT WARNING * * *
You feel sick.
You block the water moccasin's attack. x2
It was a potion of brilliance.
You feel clever all of a sudden.
* * * LOW HITPOINT WARNING * * *
You feel sick. The water moccasin bites you.
You die...

.. #..........#
.#<#.######..........###
.......)..'..........+.## ###
#.....$#..........#..####...
.......)..'gg........'.....+...
.#.######.###.#g#.#####..###...
#.# ##.#.## ##.###### ..#
#S###.# #(.##..( #### ##@#.##
##.##.## #.#.#.# #..#.# ##.#.##
##(#.# #.###.# #.(.# ##.#.##
#####.(## #.#.#.# #.....)##
##.#.## #.......' #.###.#
#......## ##.#.## #.......#


You could see a water moccasin.

Vanquished Creatures
  An ogre (D:3)
  A centaur (D:5)
  A howler monkey (D:5)
  A crimson imp (D:5)
  3 orc priests
  A hound (D:5)
  Jessica (D:2)
  Terence (D:2)
  A worker ant (D:4)
  An iguana (D:5)
  3 gnolls
  10 adders
  2 oozes
  2 worms
  6 dart slugs
  2 leopard geckos
  17 orcs
  2 ball pythons
  8 bats
  5 giant cockroaches
  9 goblins
  6 hobgoblins
  5 jackals
  13 quokkas
  5 frilled lizards
  7 kobolds
  7 rats
121 creatures vanquished.

Notes
Turn   | Place    | Note
-------+----------+-------------------------------------------
     0 | D:1      | Kairos the Vine Stalker Fighter began the quest for the
                  | Orb.
     0 | D:1      | Reached XP level 1. HP: 11/11 MP: 2/2
    47 | D:1      | Reached XP level 2. HP: 11/16 MP: 3/3
   168 | D:1      | Reached skill level 2 in Axes
   226 | D:1      | Reached XP level 3. HP: 20/20 MP: 4/4
   661 | D:2      | Found a sacrificial altar of Ru.
   734 | D:2      | Gained mutation: Your natural rate of healing is unusually
                  | fast. [Vine Stalker growth]
   734 | D:2      | Reached XP level 4. HP: 21/24 MP: 5/5
  1011 | D:2      | Noticed Jessica
  1024 | D:2      | Killed Jessica
  1061 | D:2      | Reached skill level 3 in Axes
  1061 | D:2      | Reached XP level 5. HP: 26/28 MP: 4/6
  1077 | D:2      | Found a blossoming altar of Fedhas.
  1082 | D:2      | Noticed Terence
  1090 | D:2      | Killed Terence
  1092 | D:2      | Gained mutation: Your body sometimes deteriorates upon
                  | taking damage. [potion of mutation]
  1092 | D:2      | Gained mutation: You possess an exceptional clarity of
                  | mind. [potion of mutation]
  1092 | D:2      | Gained mutation: Scrolls take you a little longer to read.
                  | [potion of mutation]
  1092 | D:2      | Gained mutation: You have sharp fingernails. [potion of
                  | mutation]
  1093 | D:2      | Lost mutation: You have sharp fingernails. [potion of
                  | mutation]
  1093 | D:2      | Lost mutation: You possess an exceptional clarity of mind.
                  | [potion of mutation]
  1093 | D:2      | Gained mutation: You are partially covered in slimy green
                  | scales. (AC +2) [potion of mutation]
  1479 | D:3      | Noticed an ogre
  1485 | D:3      | Killed an ogre
  1485 | D:3      | Reached skill level 4 in Axes
  1485 | D:3      | Reached XP level 6. HP: 32/32 MP: 7/7
  1521 | D:3      | Found a faded altar of an unknown god.
  1543 | D:3      | Found a hazy altar of Hepliaklqana.
  2379 | D:4      | Found an opulent altar of Gozag.
  2403 | D:4      | Found a staircase to the Ecumenical Temple.
  2615 | D:4      | Reached XP level 7. HP: 36/36 MP: 8/8
  2626 | D:4      | Found a shadowy altar of Dithmenos.
  2995 | Temple   | Entered the Ecumenical Temple
  3160 | Temple   | Became a worshipper of Warmaster Okawaru
  3206 | D:5      | Entered Level 5 of the Dungeon
  3436 | D:5      | Reached skill level 5 in Axes
  3436 | D:5      | Reached skill level 1 in Dodging
  3584 | D:5      | HP: 1/37 [poisoned by a water moccasin]
  3585 | D:5      | Slain by a water moccasin

Skill      XL: |  1  2  3  4  5  6  7 |
---------------+----------------------+-----
Shields        | 3 4 |  4.3
Axes           | 2 3 4 5 |  5.3
Fighting       | 3 |  3.7
Armour         | 3 |  3.5
Dodging        | 1 |  1.0
Stealth        | |  0.7

Action                   |  1- 3 |  4- 6 |  7- 9 || total
-------------------------+-------+-------+-------++-------
Melee: War axe           |    73 |   194 |    97 ||   364
       Bite              |    14 |    57 |    28 ||    99
  Use: Scroll            |     2 |       |       ||     2
       Potion            |       |     2 |     3 ||     5
  Eat: Chunk             |       |     6 |       ||     6
       Ration            |       |       |     2 ||     2
Armor: Scale mail        |    32 |    81 |    48 ||   161
Dodge: Dodged            |    20 |    57 |    27 ||   104
Block: Shield            |    35 |    93 |    58 ||   186
